 Dungeon Crawl Stone Soup version 0.22-a0-407-gb098539 (webtiles) character file.

520 Gorglomux the Ruffian (level 7, -6/66 HPs)
             Began as a Troll Fighter on May 9, 2018.
             Mangled by a gnoll
             ... wielding a +1 spear of piercing
              (9 damage)
             ... on level 5 of the Dungeon.
             The game lasted 00:02:14 (2472 turns).

Gorglomux the Ruffian (Troll Fighter)               Turns: 2472, Time: 00:02:15

Health: -6/66      AC:  5    Str: 26    XL:     7   Next: 1%
Magic:  6/6        EV:  4    Int: 14    God:
Gold:   180        SH:  0    Dex:  9    Spells: 6/6 levels left

rFire    . . .     SeeInvis .     - Unarmed
rCold    . . .     Gourm    +   b - +0 shield
rNeg     . . .     Faith    .   a - +0 robe
rPois    .         Spirit   .   (helmet restricted)
rElec    .         Reflect  .   (no cloak)
rCorr    .         Harm     .   (gloves unavailable)
MR       .....                  (boots unavailable)
Stlth    +.........             (no amulet)
HPRegen  0.61/turn              J - +4 ring of intelligence
MPRegen  0.10/turn              (no ring)

@: brilliant, held
A: large, unfitting armour, claws 3, fast metabolism 3, gourmand, regeneration
1, shaggy fur 1, tough skin 2
a: no special abilities


You were on level 5 of the Dungeon.
You were full.

You visited 1 branch of the dungeon, and saw 5 of its levels.

You collected 180 gold pieces.

Inventory:

Armour
 a - a +0 robe (worn)
 b - a +0 shield (worn)
Jewellery
 J - a +4 ring of intelligence (left claw)
Wands
 I - a wand of iceblast (9)
Scrolls
 e - 4 scrolls of remove curse {unknown}
 f - a scroll of noise {unknown}
 h - a scroll of blinking {unknown}
 i - 2 scrolls of identify {unknown}
 l - a scroll of enchant armour {unknown}
 m - a scroll of enchant weapon {unknown}
Potions
 c - 2 potions of might
Comestibles
 d - 8 rations


   Skills:
 - Level 2.4 Fighting
 - Level 2.4 Dodging
 - Level 2.4 Shields
 + Level 7.7 Unarmed Combat


You had 6 spell levels left.
You didn't know any spells.

Dungeon Overview and Level Annotations

Branches:
Dungeon (5/15)
 Temple: D:4-7

Altars:
Fedhas
Nemelex Xobeh
Qazlal
Sif Muna


Innate Abilities, Weirdness & Mutations

You are too large for most types of armour.
You have claws for hands.
Your metabolism is lightning-fast.
You like to eat raw meat.
Your natural rate of healing is unusually fast.
You are covered in fur. (AC +1)
You have very tough skin. (AC +2)


Message History

It was a potion of brilliance!
You feel clever all of a sudden! You block the gnoll's attack!
You barely miss the gnoll!
The gnoll hits you with a spear of piercing! * * * don't die * * * x2
Okay, then!
Okay, then!
You block the gnoll's attack!
Unknown command!
The gnoll throws a throwing net!
The throwing net hits you!
You become butt in the net!!!
Butt is a stone staircase leading up here!
You see here a butt net!
You struggle against the net!
Okay, then!
Okay, then!
You struggle against the net!
The gnoll hits you from afar with a spear of piercing!!! rip

####.######### # ....$.......#
#.##.... ....##### ### .......#
#..#...#########..
##...#####..#.............#
#####................##########
........######g.#[#.##
#####.#.# #..##.## #.#####.#g#
##@.#### ........o.#
#)..############### .#####.###
###..<...........<... . #o#
##....################
...####.####....## ########....
...go)>o........## #........###
...####.##.......# #.##########
.................# #.#########.
...###..##.......# #.##........


You could see a gnoll.

Vanquished Creatures
  An ice beast (D:5)
  A scorpion (D:4)
  3 crimson imps (D:5)
  An orc priest (D:4)
  An orc wizard (D:5)
  3 worker ants
  3 gnolls (D:5)
  4 adders
  2 oozes
  3 leopard geckos
  8 orcs
  6 bats
  3 giant cockroaches
  7 goblins
  6 hobgoblins
  9 jackals
  A quokka (D:3)
  A ball python (D:4)
  3 frilled lizards
  3 kobolds (D:3)
  4 rats
73 creatures vanquished.

Notes
Turn   | Place    | Note
-------+----------+-------------------------------------------
     0 | D:1      | Gorglomux the Troll Fighter began the quest for the Orb.
     0 | D:1      | Reached XP level 1. HP: 22/22 MP: 0/0
   206 | D:1      | Reached XP level 2. HP: 29/29 MP: 1/1
   372 | D:2      | Reached skill level 3 in Unarmed Combat
   517 | D:2      | Reached XP level 3. HP: 28/36 MP: 2/2
   526 | D:2      | Found a sparkling altar of Nemelex Xobeh.
   735 | D:3      | Reached skill level 4 in Unarmed Combat
   854 | D:3      | Reached XP level 4. HP: 33/44 MP: 3/3
  1050 | D:3      | Found a deep blue altar of Sif Muna.
  1447 | D:4      | Reached skill level 5 in Unarmed Combat
  1487 | D:4      | Reached XP level 5. HP: 27/50 MP: 4/4
  1542 | D:4      | Reached skill level 6 in Unarmed Combat
  1637 | D:4      | Found a blossoming altar of Fedhas.
  1896 | D:5      | Entered Level 5 of the Dungeon
  1943 | D:5      | Reached XP level 6. HP: 59/59 MP: 5/5
  1977 | D:5      | Found a blossoming altar of Fedhas.
  1979 | D:5      | Found a stormy altar of Qazlal.
  2166 | D:5      | Reached skill level 7 in Unarmed Combat
  2178 | D:5      | Noticed an ice beast
  2189 | D:5      | Killed an ice beast
  2462 | D:5      | Reached XP level 7. HP: 37/66 MP: 6/6
  2468 | D:5      | HP: 3/66 [gnoll/spear of piercing (6)]
  2468 | D:5      | HP: 1/66 [gnoll/spear of piercing (2)]
  2472 | D:5      | Mangled by a gnoll

Vault maps used:
D:1:      dpeg_arrival_water_fire, interstate_on_off
D:2:      minmay_statues_item, mrwooster_statue_mirror, nrook_uturn,
          nemelex_diamond_rough_becter
D:3:      marbit_many_paths, kennysheep_big_empty_room
D:4:      first_ration, fedhas_altar_3
D:5:      grunt_temple_overflow_forces_of_nature, overflow_temple_1_default,
          serial_shops, shop

Skill      XL: |  1  2  3  4  5  6 |
---------------+-------------------+-----
Unarmed Combat | 3 4 5 6 7 |  7.7
Fighting       | |  2.4
Dodging        | |  2.4
Shields        | |  2.4

Action                   |  1- 3 |  4- 6 |  7- 9 || total
-------------------------+-------+-------+-------++-------
Melee: Unarmed           |    98 |   130 |     4 ||   232
  Use: Potion            |       |     1 |     1 ||     2
  Eat: Chunk             |    13 |    12 |       ||    25
Armor: Robe              |    34 |    54 |     1 ||    89
Dodge: Dodged            |    32 |    50 |     2 ||    84
Block: Shield            |    33 |    78 |     2 ||   113

Table legend:
 A = Spawn XP
 B = Non-spawn XP
 C = Spawn XP percentage of total XP
 D = Spawn monster count
 E = Non-spawn monster count
 F = Spawn count percentage of total count
 G = Total turns spent on level
                    A         B        C        D         E        F      G
               +---------+---------+-------+---------+---------+-------+---------
         Total |       0 |     744 |   0.0 |       0 |      73 |   0.0 |  2472
               +---------+---------+-------+---------+---------+-------+---------
           D:1 |       0 |      17 |   0.0 |       0 |       7 |   0.0 |   369
           D:2 |       0 |      36 |   0.0 |       0 |      12 |   0.0 |   267
           D:3 |       0 |      96 |   0.0 |       0 |      31 |   0.0 |   650
           D:4 |       0 |     159 |   0.0 |       0 |       7 |   0.0 |   858
           D:5 |       0 |     436 |   0.0 |       0 |      16 |   0.0 |   328
               +---------+---------+-------+---------+---------+-------+---------
